Kradschützen Motorcycle Team
Construct Light Support Kompanie
Construct Mechanized Kompanie
Panzerjäger Mechanized Group
Selects Armored Suppot Battlegroup
Selects Flammpanzer III Medium Tank Sd.Kfz. 141
Construct Panzerarmee Kommand
Panzerjäger Mechanized Group
Selects Command Panzer IV F Medium Tank
Command Panzer IV F Medium Tank
Panzerjäger Mechanized Group
Selects Vehicle Awareness
Selects Stuka Anti-tank Loiter
Panzerjäger Mechanized Group